cohdb
Replays
Latest Replays
All Replays
Popular Replays
Top Player Replays
Match Explorer
How It Works
Community
CoH3 Stats
Reddit
Sign in to upload your games and track your stats! →
Sign in with Steam
Match 24789715
Unlisted
Match 24789715
Overview
Messages
Build Orders
End
Royal Engineer Section
Selects Air and Sea Battlegroup
Vickers Machine Gun Team
Construct Section Command Post
Dingo Light Scout Car
Infantry Section
Construct Platoon Command Post
Unlock M3 Stuart Light Tanks
Selects Commando Section Paradrop
Commando Section Paradrop
M3 Stuart Light Tank
6-pounder Anti-tank Gun Team
Selects M1 Pack Howitzer Paradrop
Samp
Wrathment
0
0
Comments
sign in to comment!
No comments posted yet!